 Dungeon Crawl Stone Soup version 0.23.2-30-g0e89c35 (webtiles) character file.

Game seed: 9803172613895995565

1766 Fortress the Thaumaturge (level 8, 0/57 HPs)
             Began as a Purple Draconian Fire Elementalist on June 13, 2019.
             Was an Initiate of Vehumet.
             Slain by a hell rat (13 damage)
             ... on level 7 of the Dungeon.
             The game lasted 00:31:27 (7904 turns).

Fortress the Thaumaturge (DrFE)                     Turns: 7904, Time: 00:31:28

Health: 0/57       AC:  6    Str: 11    XL:     8   Next: 79%
Magic:  15/20      EV: 12    Int: 17    God:    Vehumet [......]
Gold:   174        SH:  0    Dex: 12    Spells: 17/23 levels left

rFire    . . .     SeeInvis .   y - +1 battleaxe (elec)
rCold    . . .     Gourm    .   (shield currently unavailable)
rNeg     . . .     Faith    .   (armour unavailable)
rPois    .         Spirit   .   (helmet restricted)
rElec    .         Reflect  .   n - scarf {repulsion}
rCorr    .         Harm     .   (no gloves)
MR       +....                  (no boots)
Stlth    ++........             (no amulet)
HPRegen  0.19/turn              (no ring)
MPRegen  0.17/turn              (no ring)

@: drained, repel missiles
A: breathe power, unfitting armour, cold-blooded, AC +6
a: Breathe Dispelling Energy, Renounce Religion


You were on level 7 of the Dungeon.
You worshipped Vehumet.
Vehumet was noncommittal.
You were not hungry.

You visited 2 branches of the dungeon, and saw 8 of its levels.

You collected 174 gold pieces.

Inventory:

Hand Weapons
 i - a +2 trident of freezing
 y - a +1 battleaxe of electrocution (weapon)
Missiles
 a - 326 stones (quivered)
 d - 3 needles of confusion
 f - 37 sling bullets
Armour
 n - a scarf of repulsion (worn)
Wands
 p - a wand of acid (7)
 w - a wand of digging (5)
 x - a wand of random effects (15)
Scrolls
 e - 2 scrolls of teleportation
 g - 3 scrolls of identify
 k - a scroll of blinking
 l - a scroll of magic mapping
 q - a scroll of fear {unknown}
 u - a scroll of amnesia {unknown}
Potions
 h - a potion of curing
 j - a potion of cancellation {unknown}
 m - a potion of flight
 r - a potion of resistance {unknown}
 s - a potion of invisibility {unknown}
 t - 2 potions of mutation {unknown}
 v - a potion of haste {unknown}
 z - 2 potions of agility {unknown}
Comestibles
 b - 5 rations


   Skills:
 - Level 2.0(1.2) Dodging
 - Level 2.0(1.2) Stealth
 + Level 8.0(7.0) Spellcasting
 + Level 6.0(5.1) Conjurations
 + Level 7.1(6.2) Fire Magic


You had 17 spell levels left.
You knew the following spells:

 Your Spells              Type           Power        Failure   Level  Hunger
a - Flame Tongue          Conj/Fire      ####.        1%          1    None
b - Throw Flame           Conj/Fire      ####..       1%          2    None
c - Conjure Flame         Conj/Fire      ####....     3%          3    ##.....

Your spell library contained the following spells:

 Spells                   Type           Power        Failure   Level  Hunger
 Inner Flame              Hex/Fire       ###.....     10%         3    ##.....
 Sticky Flame             Conj/Fire      ####....     11%         4    ####...
 Fireball                 Conj/Fire      ####......   30%         5    #####..


Dungeon Overview and Level Annotations

Branches:
Dungeon (7/15)             Temple (1/1) D:6

Altars:
Ashenzari
Dithmenos
Elyvilon
Fedhas
Hepliaklqana
Kikubaaqudgha
Makhleb
Okawaru
Qazlal
Ru
Sif Muna
Trog
Uskayaw
Vehumet
Wu Jian
Xom
Yredelemnul
Zin
The Shining One

Shops:
D:7 [


Innate Abilities, Weirdness & Mutations

You can breathe bolts of dispelling energy.
Your rich purple scales are hard. (AC +6)
You cannot fit into any form of body armour.
You are cold-blooded and may be slowed by cold attacks.


Message History

You hit the hell rat but do no damage. The hell rat bites you.
* * * LOW HITPOINT WARNING * * *
Casting: Flame Tongue (safe; 1% risk of failure)
Confirm with . or Enter, or press ? or * to list all spells.
Aiming: Flame Tongue (safe; 1% risk of failure)
Press: ? - help, Shift-Dir - straight line, f - hell rat
Aim: a hell rat The flame tongue hits the hell rat but does no damage.
The hell rat bites you.
* * * LOW HITPOINT WARNING * * *
You feel drained.
Casting: Flame Tongue (safe; 1% risk of failure)
Confirm with . or Enter, or press ? or * to list all spells.
Aiming: Flame Tongue (safe; 1% risk of failure)
Press: ? - help, Shift-Dir - straight line, f/p - hell rat
Aim: a hell rat The flame tongue hits the hell rat!
The hell rat is heavily wounded.
The hell rat bites you!
You die...

#. #. r #.##### #r
#.#...##### ## rr #
#.#....##.## ##r r#
.###........#.###r##r##..#
....⌠.⌠..###.#.##rrrrr.#
....)∩...# ##.#.@###r..#
....⌠.⌠..# ###### .#.#
.........# .# #........#
.# #........# # ########(#
#)# #(# #.#


You could see a hell rat, 2 quokkas and 5 rats.

Vanquished Creatures
  Eustachio (D:4)
  An orc warrior (D:7)
  3 sky beasts
  4 ogres
  A bullfrog (D:6)
  A crimson imp (D:6)
  A hound (D:5)
  2 orc priests
  2 bullfrog skeletons
  2 iguanas
  Jessica (D:2)
  A hell rat (D:7)
  6 orc wizards
  A killer bee zombie (D:7)
  5 worker ants
  A hound zombie (D:5)
  3 gnolls (D:4)
  9 adders
  3 shadow imps
  An ooze (D:2)
  A worm (D:6)
  3 leopard geckos
  18 orcs
  5 bats
  7 giant cockroaches
  11 goblins
  11 hobgoblins
  8 jackals
  8 kobolds
  9 quokkas
  2 ball pythons
  4 frilled lizards
  9 rats
  A spectral orc (D:4)
146 creatures vanquished.

Notes
Turn   | Place    | Note
-------+----------+-------------------------------------------
     0 | D:1      | Fortress the Draconian Fire Elementalist began the quest
                  | for the Orb.
     0 | D:1      | Reached XP level 1. HP: 14/14 MP: 3/3
   229 | D:1      | Reached XP level 2. HP: 20/20 MP: 0/5
   606 | D:1      | Reached XP level 3. HP: 18/26 MP: 0/6
   978 | D:2      | Found an ornate altar of the Wu Jian Council.
  1016 | D:2      | Noticed Jessica
  1030 | D:2      | Killed Jessica
  1030 | D:2      | Reached XP level 4. HP: 33/33 MP: 0/7
  1581 | D:2      | Found a bloodstained altar of Trog.
  1795 | D:2      | Reached skill level 3 in Spellcasting
  1943 | D:3      | Reached XP level 5. HP: 36/38 MP: 4/9
  2351 | D:3      | Found a shattered altar of Ashenzari.
  2914 | D:3      | Found a faded altar of an unknown god.
  3049 | D:4      | Found a glowing silver altar of Zin.
  3182 | D:4      | Found a blossoming altar of Fedhas.
  3182 | D:4      | Found an ancient bone altar of Kikubaaqudgha.
  3271 | D:5      | Entered Level 5 of the Dungeon
  3271 | D:5      | Noticed a sky beast
  3300 | D:4      | Reached XP level 6. HP: 21/45 MP: 5/11
  3483 | D:4      | Reached skill level 5 in Fire Magic
  3699 | D:4      | Reached skill level 4 in Spellcasting
  4018 | D:4      | Noticed Eustachio
  4037 | D:4      | Killed Eustachio
  4037 | D:4      | Your scales start taking on a rich purple colour.
  4037 | D:4      | Reached skill level 5 in Spellcasting
  4037 | D:4      | Reached XP level 7. HP: 36/50 MP: 5/15
  4229 | D:4      | Learned a level 2 spell: Throw Flame
  4233 | D:4      | Learned a level 3 spell: Conjure Flame
  4335 | D:4      | Found a basalt altar of Yredelemnul.
  4965 | D:5      | Reached skill level 6 in Spellcasting
  5406 | D:5      | Reached skill level 5 in Conjurations
  5406 | D:5      | Reached XP level 8. HP: 43/57 MP: 9/17
  6149 | D:6      | Reached skill level 7 in Spellcasting
  6188 | D:6      | Found a staircase to the Ecumenical Temple.
  6197 | Temple   | Entered the Ecumenical Temple
  6209 | Temple   | Became a worshipper of Vehumet
  7626 | D:7      | Found Web Zibral's Antique Armour Emporium.
  7897 | D:7      | HP: 2/57 [hell rat (9)]
  7900 | D:7      | Reached skill level 8 in Spellcasting
  7904 | D:7      | Slain by a hell rat

Skill      XL: |  1  2  3  4  5  6  7  8 |
---------------+-------------------------+-----
Stealth        | 2 |  2.0
Dodging        | 2 |  2.0
Fire Magic     | 4 5 6 7 |  7.1
Conjurations   | 2 3 5 6 |  6.0
Spellcasting   | 3 5 6 8 |  8.0

Action                   |  1- 3 |  4- 6 |  7- 9 || total
-------------------------+-------+-------+-------++-------
Melee: Mace              |    22 |    18 |   183 ||   223
       Tailslap          |     1 |     3 |    19 ||    23
       Battleaxe         |       |       |    21 ||    21
 Cast: Flame Tongue      |    48 |   130 |   140 ||   318
       Throw Flame       |       |       |    15 ||    15
       Conjure Flame     |       |       |     1 ||     1
  Use: Scroll            |       |       |    12 ||    12
       Potion            |       |       |     3 ||     3
  Eat: Chunk             |       |    10 |     8 ||    18
       Ration            |       |       |     2 ||     2
Armor: Skin              |     9 |    25 |   125 ||   159
Dodge: Dodged            |    29 |    49 |   175 ||   253
       Deflected         |       |     1 |     2 ||     3
